 Dungeon Crawl Stone Soup version 0.30-a0-389-g8d7d949f56 (webtiles) character file.

Game seed: 6809608226779476990

54 NinjaNoafa the Grasshopper (level 3, -1/31 HPs)
             Began as an Armataur Warper on Dec 4, 2022.
             Slain by Natasha (3 damage)
             ... on level 2 of the Dungeon.
             The game lasted 00:03:02 (1744 turns).

NinjaNoafa the Grasshopper (Armataur Warper)        Turns: 1744, Time: 00:03:04

Health: -1/31      AC:  4    Str: 16    XL:     3   Next: 66%
Magic:  6/6        EV:  9    Int: 15    God:
Gold:   79         SH:  0    Dex:  9    Spells: 4/6 levels left

rFire   . . .      SeeInvis .    a - +2 mace (vorpal)
rCold   . . .      Faith    .    (no shield)
rNeg    . . .      Spirit   .    b - +0 leather armour
rPois   .          Reflect  .    (no helmet)
rElec   .          Harm     .    (no cloak)
rCorr   .          Roll     +    (no gloves)
Will    .....                    (no barding)
Stlth   +.........               (no amulet)
HPRegen 0.25/turn                l - ring of flight
MPRegen 0.10/turn                (no ring)

@: flying, slowed, very slow
A: large, rugged brown scales 3, deformed body, armoured tail, roll, long
tongue, awkward tongue
a: no special abilities


You were on level 2 of the Dungeon.
You visited 1 branch of the dungeon, and saw 2 of its levels.

You collected 79 gold pieces.

Inventory:

Hand Weapons
 a - a +2 vorpal mace (weapon)
Missiles
 d - 7 boomerangs of dispersal (quivered)
 n - 6 stones
Armour
 b - a +0 leather armour (worn)
Jewellery
 l - a ring of flight (left hand)
Scrolls
 c - a scroll of blinking
 e - 2 scrolls of teleportation {unknown}
 f - a scroll of magic mapping {unknown}
 g - a scroll of fog {unknown}
 k - a scroll of silence {unknown}
 m - a scroll of noise {unknown}
 o - a scroll of identify {unknown}
Potions
 h - a potion of degeneration {unknown}
 i - a potion of heal wounds {unknown}
 j - a potion of curing {unknown}


   Skills:
 - Level 1.7 Fighting
 - Level 1.7 Maces & Flails
 - Level 0.8 Throwing
 + Level 2.6 Armour
 - Level 1.3 Dodging
 + Level 2.3 Spellcasting
 * Level 3.7 Translocations


You had 4 spell levels left.
You knew the following spells:

 Your Spells              Type           Power      Damage    Failure   Level
a - Blink                 Tloc           24%        N/A       9%          2

Your spell library contained the following spells:

 Spells                   Type           Power      Damage    Failure   Level
 Lesser Beckoning         Tloc           24%        N/A       17%         3
 Teleport Other           Tloc           12%        N/A       17%         3
 Vhi's Electric Charge    Tloc/Air       14%        N/A       34%         3
 Cigotuvi's Dreadful Rot  Necr/Pois/Air  2%         N/A       36%         2
 Poisonous Vapours        Pois/Air       2%         N/A       36%         2
 Manifold Assault         Tloc           12%        N/A       50%         4
 Mephitic Cloud           Conj/Pois/Air  1%         N/A       58%         3


Dungeon Overview and Level Annotations

Branches:
Dungeon (2/15)

Altars:

Annotations:
D:2 Natasha


Innate Abilities, Weirdness & Mutations

You are completely covered in rugged brown scales. (AC +3, +7% HP)
Armour fits poorly on your strangely shaped body.
You have a long armoured tail.
You roll when moving toward enemies. (Rampage)
Your long tongue fully drains potion bottles. (2x potion effects)
Your tongue gives you trouble enunciating. (1.5x scroll delay)


Message History

Natasha mumbles some strange words.
Natasha is nearby!
Natasha is nearby!
The crimson imp blinks!
You roll towards Natasha!
You hit Natasha.
Natasha is lightly wounded.
Natasha barely misses you.
The crimson imp blinks!
Natasha casts a spell at you.
You feel yourself slow down.
You hit Natasha.
Natasha is heavily wounded.
Natasha stares at you and mumbles some strange words.
The magic dart hits you.
You closely miss Natasha.
Natasha is heavily wounded.
Natasha mumbles some strange words.
Natasha's front paws start to glow.
Natasha claws you but does no damage.
Natasha drinks a potion.
Natasha flickers and vanishes!
Deactivating autopickup; reactivate with Ctrl-A.
Something claws you but does no damage.
You miss something.
You hear some strange, mumbled words.
Something claws you!
You barely miss something.
Your tail-slap misses something.
The crimson imp misses you. Something claws you but does no damage.
The crimson imp hits you but does no damage.
Something unexpectedly blocked you, preventing you from rolling!
You hit something but do no damage.
The crimson imp disappears in a puff of smoke!
Something claws you. x2
* * * LOW HITPOINT WARNING * * *
Something claws you.
* * * LOW HITPOINT WARNING * * *
Something unexpectedly blocked you, preventing you from rolling!
You miss something. Something claws you.
* * * LOW HITPOINT WARNING * * *
The crimson imp summons a swarm of flies.
Something claws you.
You die...

#.# ##.##...####
#.
#####.###...##.##
#.
###....†....#....#
#.
......#####....###
#. ###.#.# ##.#)#
#######. #.#.#
#.#.# . ......^.
#.#)# #.#.# ...
.######. #.#.#
#.#.####..... #.
#...#
#.#..@{5..... #.
###)##
##...####..... #.
####...#.....#..
... #.
.....).........##
. #######.
####...#.###....
........ ....##.#
#.#### #######..
#####.# # #.#
[......†) #.# #.
#######†. #.#
######..


You could see a crimson imp (summoned).

Vanquished Creatures
  An adder (D:2)
  4 ball pythons
  5 endoplasms
  2 giant cockroaches (D:2)
  5 goblins
  5 hobgoblins
  2 jackals (D:1)
  3 quokkas
  2 bats
  A frilled lizard (D:1)
  4 kobolds (D:1)
  7 rats
41 creatures vanquished.

Notes
Turn   | Place    | Note
-------+----------+-------------------------------------------
     0 | D:1      | NinjaNoafa the Armataur Warper began the quest for the Orb.
     0 | D:1      | Reached XP level 1. HP: 18/18 MP: 3/3
   244 | D:1      | Reached XP level 2. HP: 21/25 MP: 5/5
  1118 | D:2      | Reached XP level 3. HP: 25/31 MP: 6/6
  1183 | D:2      | Learned a level 2 spell: Blink
  1532 | D:2      | Found a faded altar of an unknown god.
  1733 | D:2      | Noticed Natasha
  1744 | D:2      | Slain by Natasha

Illustrated notes

Levels and vault maps discovered:
D:1:      saegor_arrival_simple_c, layout_basic
D:2:      layout_loops_ring, shapermc_ecumenical_altar_venn,
          corexii_leaking_fountain, nrook_uturn, kennysheep_generic_room_4,
          uniq_natasha

Skill      XL: |  1  2 |
---------------+-------+-----
Spellcasting   | 2 |  2.3
Armour         | 2 |  2.6
Fighting       | |  1.7
Maces & Flails | |  1.7
Throwing       | |  0.8
Dodging        | |  1.3
Translocations | |  3.7

Action                   || total
-------------------------++-------
Melee: Mace              ||   102
       Tailslap          ||     6
       Punch             ||     1
Armor: Leather armour    ||    53
Dodge: Dodged            ||    48

Table legend: (Time is in decaauts)
 A = Elapsed time spent in this place.
 B = Non-inter-level travel time spent in this place.
 C = Inter-level travel time spent in this place.
 D = Time resting spent in this place.
 E = Time spent auto-exploring this place.
 F = Levels seen in this place.
 G = Mean time per level.
                   A        B        C        D        E       F      G
               +--------+--------+--------+--------+--------+-----+--------+
         Total |   1779 |   1760 |     19 |      0 |   1398 |   2 |  889.5 |
       Dungeon |   1779 |   1760 |     19 |      0 |   1398 |   2 |  889.5 |
               +--------+--------+--------+--------+--------+-----+--------+

Top non-repeatable levels by time:
     D:1: 1092 daAuts
     D:2: 687 daAuts
